MLB
CINCINNATI REDS @ NEW YORK YANKEES
04/17/2020
 
TOP OF THE 1ST
Cincinnati Reds batting - Pitching for New York Yankees : LHP John Means
Pitching: LHP John Means
Batting: RHB Trea Turner 0-0: Called Strike
0-1: SINGLE (Groundball, 34D, EV 108.8 MPH)
Batting: SHB Adalberto Mondesi 0-0: Ball
1-0: Foul Ball, location: 2F
1-1: Ball
2-1: Fly out, F4 (Popup, 4, EV 60.6 MPH)
Batting: RHB Gio Urshela 0-0: Called Strike
0-1: Ball
1-1: Ball
2-1: Called Strike
2-2: Strikes out looking
Batting: LHB Joey Gallo 0-0: Called Strike
Trea Turner steals 2nd base
0-1: Ball
1-1: Foul Ball, location: 2F
1-2: Strikes out looking
Top of the 1st over - 0 runs, 1 hit, 0 errors, 1 left on base; Cincinnati 0 - New York 0
BOTTOM OF THE 1ST
New York Yankees batting - Pitching for Cincinnati Reds : RHP Danny Salazar
Pitching: RHP Danny Salazar
Batting: LHB Tony Kemp 0-0: Ball
1-0: Called Strike
1-1: Ball
2-1: Ball
3-1: SOLO HOME RUN (Flyball, 78XD, EV 91.3 MPH), Distance : 432 ft
Batting: LHB Charlie Blackmon 0-0: Ball
1-0: SOLO HOME RUN (Flyball, 9D, EV 95.0 MPH), Distance : 388 ft
Batting: RHB Paul Goldschmidt 0-0: Ball
1-0: Called Strike
1-1: Ball
2-1: Foul Ball, location: 2F
2-2: Strikes out swinging
Batting: LHB Willie Calhoun 0-0: Ground out U3 (Groundball, 3, EV 103.1 MPH)
Batting: RHB Eloy Jimenez 0-0: Called Strike
0-1: SINGLE (Line Drive, 78S, EV 95.0 MPH)
Batting: RHB DJ LeMahieu 0-0: Called Strike
0-1: Ball
1-1: Called Strike
1-2: DOUBLE (Flyball, 78XD, EV 91.9 MPH)
Eloy Jimenez to third
Runner from 3rd tries for Home, SAFE, no throw by LF
Batting: RHB Garrett Hampson 0-0: Ball
1-0: Ball
2-0: DOUBLE (Line Drive, 7LD, EV 113.1 MPH)
DJ LeMahieu scores
Batting: LHB Omar Narvaez 0-0: Ball
1-0: Ground out 4-3 (Groundball, 4, EV 83.1 MPH)
Bottom of the 1st over - 4 runs, 5 hits, 0 errors, 1 left on base; Cincinnati 0 - New York 4
TOP OF THE 2ND
Cincinnati Reds batting - Pitching for New York Yankees : LHP John Means
Batting: RHB Phillip Ervin 0-0: Ball
1-0: Fly out, F2 (Popup, 3SF, EV 88.8 MPH)
Batting: LHB Robinson Cano 0-0: Called Strike
0-1: Ball
1-1: Foul Ball, location: 2F
1-2: SINGLE (Groundball, 56D, EV 95.6 MPH)
Batting: RHB Chad Pinder 0-0: DOUBLE (Line Drive, 7LM, EV 113.1 MPH)
Robinson Cano to third
Batting: RHB Kevin Newman 0-0: Ground out 4-3 (Groundball, 4M, EV 105.0 MPH)
Robinson Cano scores
Chad Pinder to third
Batting: RHB Tomas Nido 0-0: Ball
1-0: Ball
2-0: Ball
3-0: Base on Balls
Batting: RHB Trea Turner 0-0: Fly out, F7 (Line Drive, 7, EV 91.9 MPH)
Top of the 2nd over - 1 run, 2 hits, 0 errors, 2 left on base; Cincinnati 1 - New York 4
BOTTOM OF THE 2ND
New York Yankees batting - Pitching for Cincinnati Reds : RHP Danny Salazar
Batting: LHB Brandon Crawford 0-0: Swinging Strike
0-1: Ball
1-1: Called Strike
1-2: Ball
2-2: Strikes out looking
Batting: LHB Tony Kemp 0-0: Ball
1-0: Ball
2-0: Swinging Strike
2-1: Ground out U3 (Groundball, 3, EV 108.1 MPH)
Batting: LHB Charlie Blackmon 0-0: Ball
1-0: SINGLE (Line Drive, 8LS, EV 101.3 MPH)
Batting: RHB Paul Goldschmidt 0-0: Called Strike
0-1: Fly out, F7 (Flyball, 7LS, EV 91.3 MPH)
Bottom of the 2nd over - 0 runs, 1 hit, 0 errors, 1 left on base; Cincinnati 1 - New York 4
TOP OF THE 3RD
Cincinnati Reds batting - Pitching for New York Yankees : LHP John Means
Batting: SHB Adalberto Mondesi 0-0: Called Strike
0-1: Ball
1-1: Foul Ball, location: 2F
1-2: Strikes out swinging
Batting: RHB Gio Urshela 0-0: Fly out, F3 (Flyball, 3D, EV 73.1 MPH)
Batting: LHB Joey Gallo 0-0: Ball
1-0: Swinging Strike
1-1: Swinging Strike
1-2: Ground out 6-3 (Groundball, 4, EV 85.0 MPH)
Top of the 3rd over - 0 runs, 0 hits, 0 errors, 0 left on base; Cincinnati 1 - New York 4
BOTTOM OF THE 3RD
New York Yankees batting - Pitching for Cincinnati Reds : RHP Danny Salazar
Batting: LHB Willie Calhoun 0-0: Called Strike
0-1: Ball
1-1: Foul Ball, location: 2F
1-2: Ball
2-2: Fly out, F5 (Flyball, 56D, EV 78.8 MPH)
Batting: RHB Eloy Jimenez 0-0: Called Strike
0-1: Ball
1-1: Ball
2-1: Foul Ball, location: 2F
2-2: Ball
3-2: Strikes out swinging
Batting: RHB DJ LeMahieu 0-0: Ball
1-0: Ball
2-0: Ball
3-0: Called Strike
3-1: Called Strike
3-2: Base on Balls
Batting: RHB Garrett Hampson 0-0: Called Strike
0-1: SINGLE (Flyball, 34D, EV 90.0 MPH)
DJ LeMahieu to second
Throwing error, E9
DJ LeMahieu scores
Garrett Hampson to second
Batting: LHB Omar Narvaez 0-0: Fly out, F9 (Flyball, 89D, EV 99.4 MPH)
Bottom of the 3rd over - 1 run, 1 hit, 1 error, 1 left on base; Cincinnati 1 - New York 5
TOP OF THE 4TH
Cincinnati Reds batting - Pitching for New York Yankees : LHP John Means
Batting: RHB Phillip Ervin 0-0: SOLO HOME RUN (Line Drive, 7LD, EV 110.0 MPH), Distance : 354 ft
Batting: LHB Robinson Cano 0-0: Ball
1-0: Ball
2-0: Called Strike
2-1: Ground out 5-3 (Groundball, 56, EV 91.9 MPH)
Batting: RHB Chad Pinder 0-0: Ball
1-0: Called Strike
1-1: Swinging Strike
1-2: Strikes out swinging
Batting: RHB Kevin Newman 0-0: Ball
1-0: Ball
2-0: Foul Ball, location: 2F
2-1: Fly out, F9 (Line Drive, 9, EV 93.1 MPH)
Top of the 4th over - 1 run, 1 hit, 0 errors, 0 left on base; Cincinnati 2 - New York 5
BOTTOM OF THE 4TH
New York Yankees batting - Pitching for Cincinnati Reds : RHP Danny Salazar
Batting: LHB Brandon Crawford 0-0: Ball
1-0: Called Strike
1-1: Ball
2-1: Ball
3-1: Fly out, F9 (Flyball, 9S, EV 66.9 MPH)
Batting: LHB Tony Kemp 0-0: Ball
1-0: Foul Ball, location: 2F
1-1: Ball
2-1: Foul Ball, location: 2F
2-2: Strikes out swinging
Batting: LHB Charlie Blackmon 0-0: Ball
1-0: Foul Ball, location: 2F
1-1: Called Strike
1-2: Ground out 4-3 (Groundball, 4, EV 93.8 MPH)
Bottom of the 4th over - 0 runs, 0 hits, 0 errors, 0 left on base; Cincinnati 2 - New York 5
TOP OF THE 5TH
Cincinnati Reds batting - Pitching for New York Yankees : LHP John Means
Batting: RHB Tomas Nido 0-0: Called Strike
0-1: Ball
1-1: SOLO HOME RUN (Flyball, 78XD, EV 104.4 MPH), Distance : 423 ft
Batting: RHB Trea Turner 0-0: Called Strike
0-1: Called Strike
0-2: Ball
1-2: Fly out, F7 (Flyball, 7LS, EV 84.4 MPH)
Batting: SHB Adalberto Mondesi 0-0: Foul Ball, location: 2F
0-1: Ball
1-1: Ball
2-1: TRIPLE (Line Drive, 9LD, EV 104.4 MPH)
Batting: RHB Gio Urshela 0-0: Ball
1-0: Ball
2-0: Ball
3-0: Called Strike
3-1: Fly out, F7 (Flyball, 7D, EV 91.9 MPH)
Runner from 3rd tags up, SCORES, no throw by LF
Batting: LHB Joey Gallo 0-0: Ball
1-0: Ball
2-0: Swinging Strike
2-1: Foul Ball, location: 2F
2-2: Ball
3-2: Foul Ball, location: 2F
3-2: SINGLE (Line Drive, 9S, EV 95.6 MPH)
Batting: RHB Phillip Ervin 0-0: Foul Ball, location: 2F
0-1: Swinging Strike
0-2: Strikes out swinging, 2-3 out at first.
Top of the 5th over - 2 runs, 3 hits, 0 errors, 1 left on base; Cincinnati 4 - New York 5
BOTTOM OF THE 5TH
New York Yankees batting - Pitching for Cincinnati Reds : RHP Danny Salazar
Batting: RHB Paul Goldschmidt 0-0: Foul Ball, location: 2F
0-1: Foul Ball, location: 2F
0-2: DOUBLE (Line Drive, 8RXD, EV 103.8 MPH)
Pitching: RHP Sal Romano
Batting: LHB Willie Calhoun 0-0: 2-RUN HOME RUN (Line Drive, 9LD, EV 98.1 MPH), Distance : 365 ft
Batting: RHB Eloy Jimenez 0-0: Called Strike
0-1: Fly out, F6 (Flyball, 6D, EV 83.1 MPH)
Batting: RHB DJ LeMahieu 0-0: Called Strike
0-1: Ball
1-1: Ball
2-1: SINGLE (Line Drive, 89M, EV 92.5 MPH)
Batting: RHB Garrett Hampson 0-0: Ball
1-0: Ball
2-0: Ground out 6-3 (Groundball, 6S, EV 61.3 MPH)
DJ LeMahieu to second
Batting: LHB Omar Narvaez 0-0: Foul Ball, location: 2F
0-1: Called Strike
0-2: Ball
1-2: Ground out U3 (Groundball, 3, EV 90.0 MPH)
Bottom of the 5th over - 2 runs, 3 hits, 0 errors, 1 left on base; Cincinnati 4 - New York 7
TOP OF THE 6TH
Cincinnati Reds batting - Pitching for New York Yankees : LHP John Means
Batting: LHB Robinson Cano 0-0: Called Strike
0-1: Fly out, F9 (Flyball, 89M, EV 83.1 MPH)
Batting: RHB Chad Pinder 0-0: Called Strike
0-1: Ball
1-1: Single, Error in OF, E8, batter to second base (Groundball, 6MD, EV 110.6 MPH)
Batting: RHB Kevin Newman 0-0: Foul Ball, location: 2F
0-1: Ground out 4-3 (Groundball, 34, EV 95.6 MPH)
Chad Pinder to third
Batting: RHB Tomas Nido 0-0: Ball
1-0: Ball
2-0: Called Strike
2-1: Ball
3-1: Ground out 4-3 (Groundball, 4S, EV 61.3 MPH)
Top of the 6th over - 0 runs, 1 hit, 1 error, 1 left on base; Cincinnati 4 - New York 7
BOTTOM OF THE 6TH
New York Yankees batting - Pitching for Cincinnati Reds : RHP Sal Romano
Batting: LHB Brandon Crawford 0-0: Fly out, F7 (Flyball, 78S, EV 81.9 MPH)
Batting: LHB Tony Kemp 0-0: Called Strike
0-1: Ball
1-1: Ball
2-1: Called Strike
2-2: Ball
3-2: Foul Ball, location: 2F
3-2: Ground out 5-3 (Groundball, 56S, EV 80.6 MPH)
Batting: LHB Charlie Blackmon 0-0: Ground out 4-3 (Groundball, 4S, EV 86.3 MPH)
Bottom of the 6th over - 0 runs, 0 hits, 0 errors, 0 left on base; Cincinnati 4 - New York 7
TOP OF THE 7TH
Cincinnati Reds batting - Pitching for New York Yankees : LHP John Means
Pitching: LHP Caleb Ferguson
Batting: RHB Trea Turner 0-0: Ball
1-0: Foul Ball, location: 2F
1-1: Ball
2-1: Called Strike
2-2: Foul Ball, location: 2F
2-2: Foul Ball, location: 2F
2-2: Ball
3-2: Ground out 6-3 (Groundball, 6, EV 83.8 MPH)
Batting: SHB Adalberto Mondesi 0-0: Called Strike
0-1: Ball
1-1: Ground out 4-3 (Groundball, 4, EV 88.1 MPH)
Batting: RHB Gio Urshela 0-0: Ball
1-0: SINGLE (Groundball, 56D, EV 96.9 MPH)
Batting: LHB Joey Gallo 0-0: Called Strike
0-1: Called Strike
0-2: Ball
1-2: Ball
2-2: Ball
3-2: Base on Balls
Gio Urshela to second
Batting: RHB Phillip Ervin 0-0: Swinging Strike
0-1: Ball
1-1: Foul Ball, location: 2F
1-2: Foul Ball, location: 2F
1-2: Strikes out swinging
Top of the 7th over - 0 runs, 1 hit, 0 errors, 2 left on base; Cincinnati 4 - New York 7
BOTTOM OF THE 7TH
New York Yankees batting - Pitching for Cincinnati Reds : RHP Sal Romano
Pitching: RHP Felix Hernandez
Batting: RHB Paul Goldschmidt 0-0: Ball
1-0: Foul Ball, location: 2F
1-1: Foul Ball, location: 2F
1-2: Ground out 6-3 (Groundball, 6M, EV 83.1 MPH)
Batting: LHB Willie Calhoun 0-0: SINGLE (Groundball, 3S, EV 65.0 MPH) (infield hit)
Batting: RHB Eloy Jimenez 0-0: Ball
1-0: Ball
2-0: Called Strike
2-1: 2-RUN HOME RUN (Flyball, 9LD, EV 111.9 MPH), Distance : 364 ft
Batting: RHB DJ LeMahieu 0-0: Called Strike
0-1: Foul Ball, location: 2F
0-2: SINGLE (Line Drive, 56D, EV 100.0 MPH)
Batting: RHB Garrett Hampson 0-0: Called Strike
0-1: Ball
1-1: Foul Ball, location: 2F
1-2: Grounds into double play, 6-4-3 (Groundball, 6, EV 98.8 MPH)
Bottom of the 7th over - 2 runs, 3 hits, 0 errors, 0 left on base; Cincinnati 4 - New York 9
TOP OF THE 8TH
Cincinnati Reds batting - Pitching for New York Yankees : LHP Caleb Ferguson
Batting: LHB Robinson Cano 0-0: Called Strike
0-1: Ball
1-1: Ball
2-1: Fly out, F4 (Popup, 4S, EV 72.5 MPH)
Batting: RHB Chad Pinder 0-0: Ball
1-0: Swinging Strike
1-1: Swinging Strike
1-2: Foul Ball, location: 2F
1-2: Strikes out swinging
Batting: RHB Kevin Newman 0-0: Called Strike
0-1: Ball
1-1: Ground out 4-3 (Groundball, 4MS, EV 86.3 MPH)
Top of the 8th over - 0 runs, 0 hits, 0 errors, 0 left on base; Cincinnati 4 - New York 9
BOTTOM OF THE 8TH
New York Yankees batting - Pitching for Cincinnati Reds : RHP Felix Hernandez
Batting: LHB Omar Narvaez 0-0: Fly out, F7 (Line Drive, 7, EV 85.0 MPH)
Batting: LHB Brandon Crawford 0-0: Foul Ball, location: 2F
0-1: DOUBLE (Flyball, 89XD, EV 105.0 MPH)
Batting: LHB Tony Kemp 0-0: Ball
1-0: Ball
2-0: Called Strike
2-1: Ball
3-1: Base on Balls
Batting: LHB Charlie Blackmon 0-0: Called Strike
0-1: Ball
1-1: Foul Ball, location: 2F
1-2: Fly out, F9 (Flyball, 89S, EV 83.8 MPH)
Batting: RHB Paul Goldschmidt 0-0: Called Strike
0-1: Ball
1-1: Ball
2-1: Ball
3-1: SINGLE (Groundball, 6MS, EV 76.9 MPH) (infield hit)
Brandon Crawford to third
Tony Kemp to second
Batting: LHB Willie Calhoun 0-0: Ball
1-0: Fly out, F7 (Line Drive, 78S, EV 93.8 MPH)
Bottom of the 8th over - 0 runs, 2 hits, 0 errors, 3 left on base; Cincinnati 4 - New York 9
TOP OF THE 9TH
Cincinnati Reds batting - Pitching for New York Yankees : LHP Caleb Ferguson
Pitching: LHP Wade LeBlanc
Batting: RHB Tomas Nido 0-0: Ball
1-0: Called Strike
1-1: Foul Ball, location: 2F
1-2: Strikes out swinging
Batting: RHB Trea Turner 0-0: Ball
1-0: Called Strike
1-1: Foul Ball, location: 2F
1-2: Ground out 6-3 (Groundball, 4M, EV 83.8 MPH)
Batting: SHB Adalberto Mondesi 0-0: Fly out, F5 (Line Drive, 5, EV 71.9 MPH)
Top of the 9th over - 0 runs, 0 hits, 0 errors, 0 left on base; Cincinnati 4 - New York 9
Sunday, June 7th, 2020 - OOTP Baseball 21.3 Build 54